 Dungeon Crawl Stone Soup version 0.17.2-1-ge4368a0 (webtiles) character file.

1068 rlgrobin the Insei (level 8, -5/62 HPs)
             Began as a Mummy Monk on Apr 27, 2017.
             Slain by a killer bee (7 damage)
             ... on level 5 of the Dungeon.
             The game lasted 00:12:48 (10772 turns).

rlgrobin the Insei (Mummy Monk)                    Turns: 10772, Time: 00:12:48

Health: -5/62      AC:  3    Str: 14    XL:     8   Next: 7%
Magic:  8/8        EV: 15    Int:  9    God:
Gold:   316        SH:  0    Dex: 17    Spells: 0 memorised, 7 levels left

rFire  x . .     SeeInvis .       - Unarmed
rCold  + . .     Clarity  .     (no armour)
rNeg   + + +     SustAt   +     (no shield)
rPois  ∞         Gourm    .     k - +1 helmet
rElec  .         Spirit   .     (no cloak)
rCorr  .         Warding  .     l - +0 pair of gloves
rMut   .         Stasis   .     (no boots)
MR     +....                    (no amulet)
Stlth  ++........               f - ring of sustain attributes
                                (no ring)

@: very slightly contaminated, somewhat resistant to hostile enchantments,
unstealthy
A: no food or potions, fire vulnerability, cold resistance 1, negative energy
resistance 3, torment resistance, unbreathing
a: no special abilities


You were on level 5 of the Dungeon.
You were not hungry.

You visited 2 branches of the dungeon, and saw 6 of its levels.

You collected 316 gold pieces.


Innate Abilities, Weirdness & Mutations

You do not eat or drink.
Your flesh is vulnerable to fire.
You are immune to poison.
Your flesh is cold resistant.
You are immune to negative energy.
You are immune to unholy pain and torment.
You can survive without breathing.


   Skills:
 - Level 5.2 Fighting
 - Level 4.8 Dodging
 - Level 1.5 Stealth
 + Level 6.5 Unarmed Combat


You had 7 spell levels left.
You didn't know any spells.

Inventory:

Armour
 g - a +0 helmet {Mask of the Robin}
 k - a +1 helmet (worn)
 l - a +0 pair of gloves (worn)
 o - a +0 shield
Jewellery
 a - an uncursed amulet of resist mutation {unknown}
 f - a ring of sustain attributes (right hand)
Scrolls
 b - 3 scrolls of remove curse
 d - 2 scrolls of recharging
 h - 3 scrolls of amnesia
 i - 2 scrolls of enchant weapon
 m - 2 scrolls of identify {@r1}

Dungeon Overview and Level Annotations

Branches:
Dungeon (5/15)             Temple (1/1) D:4

Altars:
Ashenzari
Cheibriados
Dithmenos
Elyvilon
Fedhas
Gozag
Nemelex Xobeh
Okawaru
Qazlal
Sif Muna
Trog
Vehumet
Xom
Yredelemnul
Zin

Shops:
D:5

= ..♣...▒.▒.....)..▒
▒...▒...▒(▒▒.▒▒..▒
▒▒▒▒▒........▒▒..▒▒
........▒.▒.......▒▒
▒▒▒...▒.▒.▒▒†▒.....▒▒▒▒▒▒▒▒▒▒▒ ▒
▒...▒.▒.▒▒.▒▒..............▒ ▒
▒▒..▒...y..(.yy▒▒▒▒▒▒▒▒▒▒▒.▒ ▒
▒...▒▒▒▒▒▒▒▒▒▒y▒ ▒.▒ ▒ ▒.▒.▒ ▒M▒
▒.▒ ▒▒▒.▒.▒ ▒▒'▒▒ ▒▒▒.▒▒▒▒
......▒ ▒▒...▒▒ ▒....... ▒▒▒.▒▒▒▒
▒▒.....▒▒ ▒.▒.▒▒▒. ▒.▒▒.▒▒
▒▒......<▒▒ ▒▒....▒▒.
▒▒▒.▒...▒▒▒▒.....^...▒▒▒▒..(..▒▒.
...........+.........+........▒▒.
▒▒▒.▒...▒▒▒▒.........▒▒▒▒........
▒▒.▒▒▒.▒▒ ▒........▒▒ ▒▒.......


You could see 3 killer bees.


Message History

Read which item? (? for menu, Esc to quit)
As you read the scroll labeled KEZXAR WIUTA, it crumbles to dust!
You feel aware of your surroundings!
It was a scroll of magic mapping!
The killer bee closely misses you!
The killer bee stings you! * * * don't die
* * * You take 3 damage, and have 6/62 hp!
Read which item? (? for menu, Esc to quit)
As you read the scroll labeled QIELAIRGHOU, it crumbles to dust!
The creatures around you are filled with an inner flame!!!
It was a scroll of immolation!
The killer bee closely misses you! The killer bee barely misses you!
Read which item? (? for menu, Esc to quit)
Blink to where?
You are very lightly contaminated with residual magic!
As you read the scroll labeled XABBIA COFILOGG, it crumbles to dust!
It was a scroll of blinking!
Read which item? (? for menu, Esc to quit)
Okay, then!
You can't drink!
The killer bee barely misses you! The killer bee closely misses you!
The killer bee stings you! * * * don't die
* * * You take 2 damage, and have 5/62 hp!
The killer bee closely misses you!
The killer bee stings you! * * * don't die
* * * You take 4 damage, and have 2/62 hp!
You open the door! The killer bee stings you!!! rip

Action                   |  1- 3 |  4- 6 |  7- 9 || total
-------------------------+-------+-------+-------++-------
Melee: Unarmed           |   186 |   453 |   203 ||   842
  Use: Scroll            |       |     4 |     5 ||     9
 Stab: Distracted        |     1 |       |     1 ||     2
       Sleeping          |       |     6 |     3 ||     9

Vault maps used:
D:1:      evilmike_arrival_home_sweet_home
D:2:      overflow_temple_1_default, gammafunk_temple_overflow_elements,
          lemuel_crystal_altar, small_statue_intersection,
          kennysheep_small_spiral, uniq_robin
D:3:      marbit_many_paths, gup_sewer_entry_glass
D:4:      temple_green, first_bread
D:5:      elyvilon_altar_1, grunt_dithmenos_smoke_and_mirrors, serial_shops,
          shop_statue, kennysheep_generic_room_7
Temple:   nicolae_temple_no_exploring_needed

Notes
Turn   | Place    | Note
--------------------------------------------------------------
     0 | D:1      | rlgrobin the Mummy Monk began the quest for the Orb.
     0 | D:1      | Reached XP level 1. HP: 18/18 MP: 1/1
    52 | D:1      | HP: 1/18 [bat (1)]
   374 | D:1      | Reached XP level 2. HP: 21/24 MP: 2/2
  1055 | D:1      | Reached skill level 4 in Unarmed Combat
  1393 | D:2      | Reached XP level 3. HP: 15/29 MP: 3/3
  2198 | D:2      | Noticed Robin
  3123 | D:2      | Reached XP level 4. HP: 9/35 MP: 4/4
  3439 | D:1      | Killed Robin
  3767 | D:2      | Reached skill level 5 in Unarmed Combat
  4319 | D:2      | Found a glowing silver altar of Zin.
  4379 | D:2      | Found a stormy altar of Qazlal.
  4512 | D:2      | Reached XP level 5. HP: 11/42 MP: 5/5
  4533 | D:2      | Found a sparkling altar of Nemelex Xobeh.
  4533 | D:2      | Found a radiant altar of Vehumet.
  5147 | D:2      | Reached skill level 4 in Fighting
  6444 | D:3      | Found a deep blue altar of Sif Muna.
  6622 | D:3      | Reached skill level 5 in Fighting
  6629 | D:3      | Reached XP level 6. HP: 33/51 MP: 6/6
  7980 | D:3      | Reached skill level 3 in Dodging
  8569 | D:4      | Reached skill level 4 in Dodging
  8569 | D:4      | Reached XP level 7. HP: 37/56 MP: 7/7
  8827 | D:5      | Entered Level 5 of the Dungeon
  8827 | D:5      | Found Xuto's Jewellery Boutique.
  9594 | D:4      | Found a staircase to the Ecumenical Temple.
  9635 | Temple   | Entered the Ecumenical Temple
  9746 | D:5      | Found a shadowy altar of Dithmenos.
 10016 | D:5      | Found a white marble altar of Elyvilon.
 10325 | D:5      | Reached skill level 6 in Unarmed Combat
 10570 | D:5      | Reached XP level 8. HP: 34/62 MP: 8/8
 10764 | D:5      | HP: 6/62 [killer bee (3)]
 10769 | D:5      | HP: 5/62 [killer bee (2)]
 10771 | D:5      | HP: 2/62 [killer bee (4)]
 10772 | D:5      | Slain by a killer bee

Vanquished Creatures
  A phantom (D:4)
  An ice beast (D:5)
  2 ogres (D:4)
  A scorpion (D:4)
  A killer bee (D:5)
  2 crimson imps (D:5)
  3 orc priests
  A hound (D:4)
  An orc wizard (D:4)
  3 worker ants
  A hound skeleton (D:5)
  A worker ant zombie (D:5)
  Robin (D:1)
  10 adders
  7 gnolls
  An ooze (D:4)
  3 worms
  3 giant geckos
  12 orcs
  10 bats
  10 giant cockroaches
  21 goblins
  16 hobgoblins
  2 quokkas
  5 giant newts
  14 jackals
  A jackal zombie (D:5)
  11 kobolds
  6 rats
151 creatures vanquished.
